TOP OF THE 1ST |
Chicago (NYP) White Sox batting - Pitching for Los Angeles (NYP) Angels : RHP Hector Carrizales
|
Pitching: RHP Hector Carrizales
|
|
Batting: SHB Ruben Velasco Jr.
|
0-0: Ball 1-0: Ball 2-0: Ball 3-0: Foul Ball, location: 2F 3-1: Foul Ball, location: 2F 3-2: Strikes out swinging
|
Batting: LHB Matt Hyde
|
0-0: Ball 1-0: Swinging Strike 1-1: Foul Ball, location: 2F 1-2: Foul Ball, location: 2F 1-2: Foul Ball, location: 2F 1-2: Ball 2-2: Fly out, F8 (Line Drive, 8LD, EV 94.4 MPH)
|
Batting: LHB Larry Myers
|
0-0: Ball 1-0: Called Strike 1-1: DOUBLE (Groundball, 3L, EV 110.0 MPH)
|
Batting: LHB Ryan Dyal
|
0-0: Ball 1-0: Foul Ball, location: 2F 1-1: Ball 2-1: Ball 3-1: Base on Balls
|
Batting: LHB Herkko Haavikko
|
0-0: SINGLE (Line Drive, 3D, EV 111.9 MPH) Larry Myers to third Ryan Dyal to second Runner from 3rd tries for Home, SAFE, throw by RF to home
|
Batting: RHB Corban Stavrakis
|
0-0: Called Strike 0-1: Ball 1-1: Ball 2-1: Ball 3-1: Swinging Strike 3-2: Base on Balls Ryan Dyal to third Herkko Haavikko to second
|
Batting: RHB Yorkis Saiki
|
0-0: Ball 1-0: Ball 2-0: Ball 3-0: Foul Ball, location: 2F 3-1: Foul Ball, location: 2F 3-2: Foul Ball, location: 2F 3-2: Ground out 3-1 (Groundball, 34S, EV 78.1 MPH)
|
Top of the 1st over - 1 run, 2 hits, 0 errors, 3 left on base; Chicago (NYP) 1 - Los Angeles (NYP) 0 |
BOTTOM OF THE 1ST |
Los Angeles (NYP) Angels batting - Pitching for Chicago (NYP) White Sox : RHP Mike Borell
|
Pitching: RHP Mike Borell
|
|
Batting: RHB Khalil Thurston
|
0-0: Called Strike 0-1: Swinging Strike 0-2: Strikes out swinging
|
Batting: RHB Danny Bjarnson
|
0-0: Ball 1-0: Ball 2-0: Fly out, F4 (Line Drive, 4, EV 73.1 MPH)
|
Batting: RHB Jon Griffin
|
0-0: Ground out 6-3 (Groundball, 6, EV 102.5 MPH)
|
Bottom of the 1st over - 0 runs, 0 hits, 0 errors, 0 left on base; Chicago (NYP) 1 - Los Angeles (NYP) 0 |
TOP OF THE 2ND |
Chicago (NYP) White Sox batting - Pitching for Los Angeles (NYP) Angels : RHP Hector Carrizales
|
Batting: RHB Josiah Wright
|
0-0: Foul Ball, location: 2F 0-1: Foul Ball, location: 2F 0-2: Foul Ball, location: 2F 0-2: Ball 1-2: Foul Ball, location: 2F 1-2: Ball 2-2: SINGLE (Line Drive, 78S, EV 86.9 MPH)
|
Batting: RHB Victor Orozco
|
0-0: Ball 1-0: Called Strike Josiah Wright steals 2nd base 1-1: Ball Passed Ball! Josiah Wright to third 2-1: SINGLE (Groundball, 6D, EV 98.8 MPH) Josiah Wright scores
|
Batting: SHB Ruben Velasco Jr.
|
0-0: Ball 1-0: Called Strike 1-1: Called Strike 1-2: Strikes out looking
|
Batting: LHB Matt Hyde
|
0-0: Ball 1-0: Foul Ball, location: 2F 1-1: Ball 2-1: Foul Ball, location: 2F 2-2: Ball 3-2: Base on Balls Victor Orozco to second
|
Batting: LHB Larry Myers
|
0-0: Ball 1-0: Ball 2-0: Called Strike 2-1: Fly out, F6 (Line Drive, 6, EV 69.4 MPH)
|
Batting: LHB Ryan Dyal
|
0-0: Ball 1-0: 3-RUN HOME RUN (Flyball, 78XD, EV 107.5 MPH), Distance : 447 ft
|
Batting: LHB Herkko Haavikko
|
0-0: Ball 1-0: Ball 2-0: Called Strike 2-1: Ball 3-1: Base on Balls
|
Batting: RHB Corban Stavrakis
|
0-0: Ball 1-0: Ball 2-0: Ball 3-0: Called Strike 3-1: Foul Ball, location: 2F 3-2: Base on Balls Herkko Haavikko to second
|
Batting: RHB Yorkis Saiki
|
0-0: Ball 1-0: Ball 2-0: Fly out, F8 (Flyball, 8LXD, EV 103.1 MPH)
|
Top of the 2nd over - 4 runs, 3 hits, 0 errors, 2 left on base; Chicago (NYP) 5 - Los Angeles (NYP) 0 |
BOTTOM OF THE 2ND |
Los Angeles (NYP) Angels batting - Pitching for Chicago (NYP) White Sox : RHP Mike Borell
|
Batting: LHB Bill Kirtley
|
0-0: Ball 1-0: Ball 2-0: Called Strike 2-1: Foul Ball, location: 2F 2-2: Foul Ball, location: 2F 2-2: Ball 3-2: Foul Ball, location: 2F 3-2: Strikes out looking
|
Batting: RHB Pat Crawley
|
0-0: Ball 1-0: SINGLE (Groundball, 6MS, EV 80.0 MPH) (infield hit)
|
Batting: LHB Mark Reeg
|
0-0: Foul Ball, location: 2F 0-1: Ball 1-1: Ball 2-1: Foul Ball, location: 2F 2-2: TRIPLE (Flyball, 8RXD, EV 101.2 MPH) Pat Crawley scores
|
Batting: RHB Kinya Nishimura
|
0-0: Ball 1-0: Fly out, F8 (Flyball, 8RM, EV 87.5 MPH) Runner from 3rd tags up, SCORES, no throw by CF
|
Batting: RHB Tristan Lewis
|
0-0: Called Strike 0-1: Ball 1-1: Foul Ball, location: 2F 1-2: Strikes out looking
|
Bottom of the 2nd over - 2 runs, 2 hits, 0 errors, 0 left on base; Chicago (NYP) 5 - Los Angeles (NYP) 2 |
TOP OF THE 3RD |
Chicago (NYP) White Sox batting - Pitching for Los Angeles (NYP) Angels : RHP Hector Carrizales
|
Batting: RHB Josiah Wright
|
0-0: Ball 1-0: Ground out 5-3 (Groundball, 5, EV 103.1 MPH)
|
Batting: RHB Victor Orozco
|
0-0: Called Strike 0-1: Ground out 6-3 (Groundball, 6, EV 103.1 MPH)
|
Batting: SHB Ruben Velasco Jr.
|
0-0: Ball 1-0: Ball 2-0: Ball 3-0: Called Strike 3-1: Base on Balls
|
Batting: LHB Matt Hyde
|
0-0: Called Strike 0-1: Foul Ball, location: 2F 0-2: Fielders Choice at 2nd, 6-4 (Groundball, 6, EV 81.2 MPH)
|
Top of the 3rd over - 0 runs, 0 hits, 0 errors, 1 left on base; Chicago (NYP) 5 - Los Angeles (NYP) 2 |
BOTTOM OF THE 3RD |
Los Angeles (NYP) Angels batting - Pitching for Chicago (NYP) White Sox : RHP Mike Borell
|
Batting: SHB Tim Connell
|
0-0: Ball 1-0: Foul Ball, location: 2F 1-1: Swinging Strike 1-2: Strikes out swinging
|
Batting: RHB Khalil Thurston
|
0-0: Ground out 1-3 (Groundball, 13S, EV 71.2 MPH)
|
Batting: RHB Danny Bjarnson
|
0-0: Ball 1-0: Swinging Strike 1-1: Ground out 6-3 (Groundball, 6M, EV 84.4 MPH)
|
Bottom of the 3rd over - 0 runs, 0 hits, 0 errors, 0 left on base; Chicago (NYP) 5 - Los Angeles (NYP) 2 |
TOP OF THE 4TH |
Chicago (NYP) White Sox batting - Pitching for Los Angeles (NYP) Angels : RHP Hector Carrizales
|
Batting: LHB Larry Myers
|
0-0: Called Strike 0-1: Ball 1-1: Ball 2-1: Ball 3-1: Ground out U3 (Groundball, 34, EV 85.6 MPH)
|
Batting: LHB Ryan Dyal
|
0-0: Ball 1-0: Ball 2-0: Ball 3-0: Called Strike 3-1: Base on Balls
|
Batting: LHB Herkko Haavikko
|
0-0: Called Strike Pickoff Throw by Catcher to First - Out! 0-1: Fly out, F9 (Flyball, 9S, EV 90.0 MPH)
|
Top of the 4th over - 0 runs, 0 hits, 0 errors, 0 left on base; Chicago (NYP) 5 - Los Angeles (NYP) 2 |
BOTTOM OF THE 4TH |
Los Angeles (NYP) Angels batting - Pitching for Chicago (NYP) White Sox : RHP Mike Borell
|
Batting: RHB Jon Griffin
|
0-0: Ball 1-0: Ball 2-0: Swinging Strike 2-1: Swinging Strike 2-2: Foul Ball, location: 2F 2-2: Strikes out swinging
|
Batting: LHB Bill Kirtley
|
0-0: Ball 1-0: Called Strike 1-1: Ball 2-1: Ground out 4-3 (Groundball, 4, EV 86.2 MPH)
|
Batting: RHB Pat Crawley
|
0-0: Swinging Strike 0-1: Ball 1-1: Foul Ball, location: 2F 1-2: Ground out 4-3 (Groundball, 4, EV 85.6 MPH)
|
Bottom of the 4th over - 0 runs, 0 hits, 0 errors, 0 left on base; Chicago (NYP) 5 - Los Angeles (NYP) 2 |
TOP OF THE 5TH |
Chicago (NYP) White Sox batting - Pitching for Los Angeles (NYP) Angels : RHP Hector Carrizales
|
Pitching: RHP Adam Hefner
|
|
Batting: RHB Corban Stavrakis
|
0-0: Ball 1-0: Foul Ball, location: 2F 1-1: Swinging Strike 1-2: Ball 2-2: Ball 3-2: Foul Ball, location: 2F 3-2: Foul Ball, location: 2F 3-2: Ground out 6-3 (Groundball, 6S, EV 62.5 MPH)
|
Batting: RHB Yorkis Saiki
|
0-0: Called Strike 0-1: Foul Ball, location: 2F 0-2: Ball 1-2: Ball 2-2: Strikes out swinging
|
Batting: RHB Josiah Wright
|
0-0: Ball 1-0: Called Strike 1-1: Fly out, F7 (Flyball, 78M, EV 88.1 MPH)
|
Top of the 5th over - 0 runs, 0 hits, 0 errors, 0 left on base; Chicago (NYP) 5 - Los Angeles (NYP) 2 |
BOTTOM OF THE 5TH |
Los Angeles (NYP) Angels batting - Pitching for Chicago (NYP) White Sox : RHP Mike Borell
|
Batting: LHB Mark Reeg
|
0-0: Ball 1-0: Called Strike 1-1: Called Strike 1-2: Strikes out swinging
|
Batting: RHB Kinya Nishimura
|
0-0: Ball 1-0: Called Strike 1-1: Fly out, F3 (Popup, 3S, EV 75.6 MPH)
|
Batting: RHB Tristan Lewis
|
0-0: Called Strike 0-1: Ball 1-1: Ball 2-1: Ball 3-1: Ground out 5-3 (Groundball, 56, EV 81.9 MPH)
|
Bottom of the 5th over - 0 runs, 0 hits, 0 errors, 0 left on base; Chicago (NYP) 5 - Los Angeles (NYP) 2 |
TOP OF THE 6TH |
Chicago (NYP) White Sox batting - Pitching for Los Angeles (NYP) Angels : RHP Adam Hefner
|
Batting: RHB Victor Orozco
|
0-0: Ball 1-0: Called Strike 1-1: Ground out 4-3 (Groundball, 4, EV 82.5 MPH)
|
Pitching: RHP Manuel Vega
|
|
Batting: SHB Ruben Velasco Jr.
|
0-0: Called Strike 0-1: Ball 1-1: Ground out U3 (Groundball, 3, EV 85.0 MPH)
|
Batting: LHB Matt Hyde
|
0-0: Ball 1-0: Ball 2-0: Called Strike 2-1: Ball 3-1: SINGLE (Line Drive, 78M, EV 98.8 MPH)
|
Batting: LHB Larry Myers
|
0-0: Called Strike Matt Hyde steals 2nd base 0-1: Called Strike 0-2: Ball 1-2: Ground out 4-3 (Groundball, 4S, EV 83.8 MPH)
|
Top of the 6th over - 0 runs, 1 hit, 0 errors, 1 left on base; Chicago (NYP) 5 - Los Angeles (NYP) 2 |
BOTTOM OF THE 6TH |
Los Angeles (NYP) Angels batting - Pitching for Chicago (NYP) White Sox : RHP Mike Borell
|
Batting: SHB Tim Connell
|
0-0: Ball 1-0: Foul Ball, location: 2F 1-1: Foul Ball, location: 2F 1-2: Foul Ball, location: 2F 1-2: Ball 2-2: Foul Ball, location: 2F 2-2: Ball 3-2: Foul Ball, location: 2F 3-2: Base on Balls
|
Batting: RHB Khalil Thurston
|
0-0: Ball 1-0: Ball Tim Connell steals 2nd base 2-0: Ball 3-0: Called Strike 3-1: Called Strike 3-2: Foul Ball, location: 2F 3-2: Foul Ball, location: 2F 3-2: Fly out, F9 (Flyball, 9LM, EV 98.1 MPH)
|
Batting: RHB Danny Bjarnson
|
0-0: Ball 1-0: Ball 2-0: Foul Ball, location: 2F 2-1: Swinging Strike 2-2: Ball 3-2: Foul Ball, location: 2F 3-2: Foul Ball, location: 2F 3-2: Base on Balls
|
Batting: RHB Jon Griffin
|
0-0: Grounds into double play, 5-4-3 (Groundball, 56, EV 92.5 MPH)
|
Bottom of the 6th over - 0 runs, 0 hits, 0 errors, 1 left on base; Chicago (NYP) 5 - Los Angeles (NYP) 2 |
TOP OF THE 7TH |
Chicago (NYP) White Sox batting - Pitching for Los Angeles (NYP) Angels : RHP Manuel Vega
|
Pitching: RHP Tim Mumpower
|
|
Batting: LHB Ryan Dyal
|
0-0: Ball 1-0: Swinging Strike 1-1: Ball 2-1: Foul Ball, location: 2F 2-2: Foul Ball, location: 2F 2-2: Strikes out looking
|
Batting: LHB Herkko Haavikko
|
0-0: Ball 1-0: DOUBLE (Line Drive, 3D, EV 103.8 MPH)
|
Batting: RHB Corban Stavrakis
|
0-0: Ball 1-0: SINGLE (Flyball, 56D, EV 98.1 MPH) Herkko Haavikko to third
|
Batting: RHB Yorkis Saiki
|
0-0: Ball 1-0: Ball 2-0: Called Strike 2-1: SINGLE (Flyball, 89S, EV 96.9 MPH) Herkko Haavikko scores Corban Stavrakis to second Runner from 2nd tries for 3rd, OUT! 9-5
|
Batting: RHB Josiah Wright
|
0-0: Called Strike 0-1: Ball 1-1: SINGLE (Line Drive, 89S, EV 100.0 MPH) Yorkis Saiki to second
|
Batting: RHB Victor Orozco
|
0-0: Ball 1-0: Ball 2-0: SINGLE (Flyball, 89S, EV 88.8 MPH) Yorkis Saiki to third Josiah Wright to second
|
Pitching: RHP Jamie Snyder
|
|
Batting: SHB Ruben Velasco Jr.
|
0-0: Foul Ball, location: 2F 0-1: Foul Ball, location: 2F 0-2: Ball 1-2: DOUBLE (Flyball, 9LD, EV 110.6 MPH) Yorkis Saiki scores Josiah Wright scores Victor Orozco to third Runner from 3rd tries for Home, SAFE, no throw by RF
|
Batting: LHB Matt Hyde
|
0-0: Ball 1-0: Fly out, F9 (Flyball, 9LS, EV 84.4 MPH)
|
Top of the 7th over - 4 runs, 6 hits, 0 errors, 1 left on base; Chicago (NYP) 9 - Los Angeles (NYP) 2 |
BOTTOM OF THE 7TH |
Los Angeles (NYP) Angels batting - Pitching for Chicago (NYP) White Sox : RHP Mike Borell
|
Batting: LHB Bill Kirtley
|
0-0: Foul Ball, location: 2F 0-1: Ground out 4-3 (Groundball, 4, EV 85.0 MPH)
|
Batting: RHB Pat Crawley
|
0-0: Ball 1-0: Ball 2-0: Called Strike 2-1: SINGLE (Groundball, 6MD, EV 99.4 MPH)
|
Batting: LHB Mark Reeg
|
0-0: Ball 1-0: Called Strike 1-1: Swinging Strike Balk! Pat Crawley to second 1-2: Foul Ball, location: 2F 1-2: Ball 2-2: Strikes out swinging
|
Batting: RHB Kinya Nishimura
|
0-0: Swinging Strike 0-1: Swinging Strike 0-2: Strikes out looking
|
Bottom of the 7th over - 0 runs, 1 hit, 0 errors, 1 left on base; Chicago (NYP) 9 - Los Angeles (NYP) 2 |
TOP OF THE 8TH |
Chicago (NYP) White Sox batting - Pitching for Los Angeles (NYP) Angels : RHP Jamie Snyder
|
Batting: LHB Larry Myers
|
0-0: Ball 1-0: Ball 2-0: Ball 3-0: Called Strike 3-1: SINGLE (Groundball, 25, EV 68.8 MPH) (infield hit)
|
Pitching: RHP Troy Ingram
|
|
Batting: LHB Ryan Dyal
|
0-0: Ball 1-0: Called Strike 1-1: Fielders Choice at 2nd, 6-4 (Groundball, 6, EV 83.1 MPH)
|
Now at 2B: Hyeok Kim
|
|
Batting: LHB Herkko Haavikko
|
0-0: Foul Ball, location: 2F 0-1: Called Strike 0-2: SINGLE (Groundball, 56D, EV 104.4 MPH) Ryan Dyal to second
|
Batting: RHB Corban Stavrakis
|
0-0: Ball Wild Pitch! Ryan Dyal to third Herkko Haavikko to second 1-0: Ball 2-0: Ball 3-0: Base on Balls
|
Batting: RHB Yorkis Saiki
|
0-0: Called Strike 0-1: Ball 1-1: Grounds into double play, 6-4-3 (Groundball, 6D, EV 102.5 MPH)
|
Top of the 8th over - 0 runs, 2 hits, 0 errors, 2 left on base; Chicago (NYP) 9 - Los Angeles (NYP) 2 |
BOTTOM OF THE 8TH |
Los Angeles (NYP) Angels batting - Pitching for Chicago (NYP) White Sox : RHP Mike Borell
|
Pitching: LHP Ruben de Leon
|
|
Batting: RHB Tristan Lewis
|
0-0: SINGLE (Groundball, 56D, EV 104.4 MPH)
|
Batting: SHB Tim Connell
|
0-0: Foul Ball, location: 2F 0-1: Called Strike 0-2: Strikes out swinging
|
Batting: RHB Khalil Thurston
|
0-0: Called Strike 0-1: Swinging Strike 0-2: Strikes out swinging
|
Batting: RHB Hyeok Kim
|
0-0: Ground out 5-3 (Groundball, 5S, EV 78.1 MPH)
|
Bottom of the 8th over - 0 runs, 1 hit, 0 errors, 1 left on base; Chicago (NYP) 9 - Los Angeles (NYP) 2 |
TOP OF THE 9TH |
Chicago (NYP) White Sox batting - Pitching for Los Angeles (NYP) Angels : RHP Troy Ingram
|
Batting: RHB Josiah Wright
|
0-0: Swinging Strike 0-1: SOLO HOME RUN (Flyball, 7LD, EV 91.2 MPH), Distance : 358 ft
|
Batting: RHB Victor Orozco
|
0-0: Ball 1-0: Ball 2-0: SINGLE (Line Drive, 78S, EV 110.6 MPH)
|
Pinch Hitting: RHB Carsten Koers
|
0-0: Called Strike 0-1: Grounds into double play, 6-4-3 (Groundball, 6, EV 96.2 MPH)
|
Batting: LHB Matt Hyde
|
0-0: Foul Ball, location: 2F 0-1: Swinging Strike 0-2: Ball 1-2: Ball 2-2: Foul Ball, location: 2F 2-2: SOLO HOME RUN (Flyball, 9D, EV 101.2 MPH), Distance : 395 ft
|
Batting: LHB Larry Myers
|
0-0: Ball 1-0: Fly out, F7 (Line Drive, 7D, EV 90.6 MPH)
|
Top of the 9th over - 2 runs, 3 hits, 0 errors, 0 left on base; Chicago (NYP) 11 - Los Angeles (NYP) 2 |
BOTTOM OF THE 9TH |
Los Angeles (NYP) Angels batting - Pitching for Chicago (NYP) White Sox : LHP Ruben de Leon
|
Now in CF: Carsten Koers
|
|
Batting: RHB Jon Griffin
|
0-0: Swinging Strike 0-1: Ball 1-1: Ball 2-1: Ball 3-1: Base on Balls
|
Batting: LHB Bill Kirtley
|
0-0: Ball 1-0: Foul Ball, location: 2F 1-1: Foul Ball, location: 2F 1-2: Ball 2-2: Strikes out swinging
|
Batting: RHB Pat Crawley
|
0-0: Ball 1-0: Called Strike 1-1: Ball 2-1: Grounds into double play, 6-4-3 (Groundball, 6, EV 80.6 MPH)
|
Bottom of the 9th over - 0 runs, 0 hits, 0 errors, 0 left on base; Chicago (NYP) 11 - Los Angeles (NYP) 2 |
|